 Dungeon Crawl Stone Soup version 0.25-a0-663-gace7076f2c (webtiles) character file.

Game seed: 7379394122956367916, levelgen mode: deterministic

177 Eurus the Conjurer (level 5, 0/35 HPs)
             Began as a Mummy Conjurer on Mar 24, 2020.
             Hit by a stone thrown by an orc (2 damage)
             ... on level 3 of the Dungeon.
             The game lasted 00:07:43 (2956 turns).

Eurus the Conjurer (Mummy Conjurer)                 Turns: 2956, Time: 00:07:44

Health: 0/35       AC:  2    Str: 11    XL:     5   Next: 31%
Magic:  6/11       EV: 12    Int: 16    God:
Gold:   102        SH:  0    Dex: 12    Spells: 9/12 levels left

rFire    x . .     SeeInvis .   j - +5 flail (protect)
rCold    + . .     Gourm    .   (no shield)
rNeg     + + +     Faith    .   a - +0 robe
rPois    ∞         Spirit   .   (no helmet)
rElec    .         Reflect  .   (no cloak)
rCorr    .         Harm     .   (no gloves)
MR       .....                  (no boots)
Stlth    ++........             (no amulet)
HPRegen  0.11/turn              (no ring)
MPRegen  0.12/turn              (no ring)

@: no status effects
A: no food or potions, fire vulnerability, cold resistance 1, negative energy
resistance 3, torment resistance, unbreathing
a: no special abilities


You were on level 3 of the Dungeon.
You were not hungry.

You visited 1 branch of the dungeon, and saw 3 of its levels.

You collected 102 gold pieces.

Inventory:

Hand Weapons
 b - a cursed -1 flail
 j - a +5 flail of protection (weapon)
Armour
 a - a +0 robe (worn)
Scrolls
 c - 3 scrolls of identify {unknown}
 d - a scroll of fear {unknown}
 e - a scroll of blinking {unknown}
 f - a scroll of magic mapping {unknown}
 g - 2 scrolls of enchant weapon {unknown}
 h - 2 scrolls of enchant armour {unknown}
 i - a scroll of random uselessness {unknown}


   Skills:
 + Level 1.4 Armour
 - Level 1.5 Dodging
 - Level 1.5 Stealth
 + Level 4.2 Spellcasting
 * Level 4.6 Conjurations


You had 9 spell levels left.
You knew the following spells:

 Your Spells              Type           Power        Failure   Level  Hunger
a - Magic Dart            Conj           ###.         2%          1    N/A
b - Searing Ray           Conj           ###...       3%          2    N/A

Your spell library contained the following spells:

 Spells                   Type           Power        Failure   Level  Hunger
 Dazzling Flash           Conj/Hex       ##....       19%         3    N/A
 Fulminant Prism          Conj/Hex       ##........   54%         4    N/A
 Iskenderun's Mystic Bla  Conj/Tloc      ##......     54%         4    N/A

Dungeon Overview and Level Annotations

Branches:
Dungeon (3/15)

Altars:
Gozag


Innate Abilities, Weirdness & Mutations

You do not eat or drink.
Your flesh is vulnerable to fire.
You are immune to poison.
Your flesh is cold resistant. (rC+)
You are immune to negative energy. (rN+++)
You are immune to unholy pain and torment.
You can survive without breathing.


Message History

The adder bites you.
The searing ray hits the adder.
You kill the adder!
The searing ray hits the orc!
You kill the orc!
The orc throws a stone.
The stone hits you.
The searing ray misses the leopard gecko.
The orc priest calls down the wrath of Beogh upon you.
Beogh smites you!
* * * LOW HITPOINT WARNING * * *
The leopard gecko closely misses you.
An orc comes into view. It is wielding a +0 hand axe.
The searing ray hits the leopard gecko.
You kill the leopard gecko!
You finish channeling your searing ray.
The orc throws a stone.
The stone closely misses you.
The orc priest looks satisfied for a moment.
The orc misses you.
The orc throws a stone.
The stone hits you.
You die...

####.###..####.######..#
###..###.#####.### ...
##...............#
##...####........# .
.................# #..
....###.###......# ....
>...# #.# #.###### ##..o..
....###'###.#######....#..
......'_###.).##@(.)..o.o.
....###'###.....o##.##.#..
....# #.# #..#.........
....###.###.####........
....).......# #..........
....########.....###......
....# .###.# ...... ....#
.. ..# ...... ....# .## ##


You could see 3 orcs.

Vanquished Creatures
  Terence (D:3)
  6 adders
  5 oozes
  2 dart slugs (D:1)
  4 leopard geckos
  2 orcs (D:3)
  2 giant cockroaches
  14 goblins
  4 hobgoblins
  9 kobolds
  3 quokkas
  4 ball pythons
  7 bats
  2 frilled lizards
  4 rats
69 creatures vanquished.

Notes
Turn   | Place    | Note
-------+----------+-------------------------------------------
     0 | D:1      | Eurus the Mummy Conjurer began the quest for the Orb.
     0 | D:1      | Reached XP level 1. HP: 13/13 MP: 4/4
   168 | D:1      | Reached XP level 2. HP: 17/19 MP: 4/6
   172 | D:1      | Learned a level 2 spell: Searing Ray
   696 | D:1      | Reached XP level 3. HP: 19/24 MP: 0/7
  1531 | D:2      | Reached XP level 4. HP: 28/30 MP: 5/9
  2015 | D:2      | Reached skill level 1 in Armour
  2490 | D:3      | Noticed Terence
  2501 | D:3      | Killed Terence
  2501 | D:3      | Reached XP level 5. HP: 12/35 MP: 0/11
  2838 | D:3      | Found an opulent altar of Gozag.
  2956 | D:3      | Hit by a stone thrown by an orc

Levels and vault maps discovered:
D:1:      minmay_arrival_stair_chambers, layout_loops_ring
D:2:      layout_basic, first_ration
D:3:      layout_rooms, lemuel_doored_altar, uniq_terence

Skill      XL: |  1  2  3  4 |
---------------+-------------+-----
Spellcasting   | 3 4 |  4.2
Conjurations   | 4 |  4.6
Armour         | 1 |  1.4
Dodging        | |  1.5
Stealth        | |  1.5

Action                   |  1- 3 |  4- 6 || total
-------------------------+-------+-------++-------
Melee: Unarmed           |    16 |       ||    16
       Dagger            |     8 |    11 ||    19
       Flail             |       |    15 ||    15
 Cast: Magic Dart        |    59 |    49 ||   108
       Searing Ray       |     3 |     4 ||     7
Armor: Robe              |     2 |     3 ||     5
Dodge: Dodged            |    18 |    24 ||    42

Table legend:
 A = Non-vault XP
 B = Vault XP
 C = Vault XP percentage of total XP
 D = Non-vault monster count
 E = Vault monster count
 F = Vault count percentage of total count
                 A         B        C        D         E       F
            +---------+---------+-------+---------+---------+-------
      Total |     218 |      36 |  14.2 |      68 |       1 |   1.4
            +---------+---------+-------+---------+---------+-------
        D:1 |      62 |       0 |   0.0 |      30 |       0 |   0.0
        D:2 |     101 |       0 |   0.0 |      24 |       0 |   0.0
        D:3 |      55 |      36 |  39.6 |      14 |       1 |   6.7
            +---------+---------+-------+---------+---------+-------
